 Dungeon Crawl Stone Soup version 0.29-a0-334-gb41bcbb86e (webtiles) character file.

Game seed: 4377809258610159525

16 kevlar127 the Ruffian (level 2, -4/29 HPs)
             Began as a Troll Berserker on Apr 15, 2022.
             Was a Follower of Trog.
             Slain by an ancient zyme (8 damage)
             ... on level 1 of the Abyss.
             The game lasted 00:06:16 (902 turns).

kevlar127 the Ruffian (Troll Berserker)              Turns: 902, Time: 00:06:29

Health: -4/29      AC:  4    Str: 24    XL:     2   Next: 37%
Magic:  1/1        EV: 10    Int:  3    God:    Trog [*.....]
Gold:   69         SH:  0    Dex:  9    Spells: 1/1 levels left

rFire   . . .      SeeInvis .     - Unarmed
rCold   . . .      Faith    .   (no shield)
rNeg    . . .      Spirit   .   a - +0 animal skin
rPois   .          Reflect  .   (helmet restricted)
rElec   .          Harm     .   (no cloak)
rCorr   .          Rampage  .   (gloves unavailable)
Will    +....                   (boots unavailable)
Stlth   +.........              (no amulet)
HPRegen 0.89/turn               c - ring of willpower
MPRegen 0.07/turn               (no ring)

@: brilliant, on berserk cooldown, slowed, very slow
A: large, unfitting armour, claws 3, regeneration 1, shaggy fur 1, tough skin 1
a: Renounce Religion, Berserk


You were on level 1 of the Abyss.
You worshipped Trog.
Trog was aware of your devotion.
You visited 1 branch of the dungeon, and saw 1 of its levels.
You visited the Abyss 1 time.

You collected 69 gold pieces.

Inventory:

Missiles
 d - 21 stones (quivered)
Armour
 a - a +0 animal skin (worn)
 g - a +0 pair of boots
Jewellery
 c - a ring of willpower (left claw)
Scrolls
 b - a scroll of teleportation {unknown}
 f - a scroll of identify {unknown}


   Skills:
 + Level 2.6 Fighting
 + Level 2.6 Dodging
 * Level 3.4 Unarmed Combat


You had one spell level left.
You didn't know any spells.
Your spell library was empty.

Dungeon Overview and Level Annotations

Branches:
Dungeon (1/15)

Altars:


Innate Abilities, Weirdness & Mutations

You are too large for most types of armour.
You have claws for hands.
Your natural rate of healing is unusually fast.
You are covered in fur. (AC +1)
You have tough skin. (AC +1)


Message History

The earth elemental is almost destroyed.
You scratch the earth elemental but do no damage.
The earth elemental is almost destroyed.
You claw the earth elemental!
You destroy the earth elemental!
That felt strangely unrewarding.
No target in view!
You start resting.
The substance of the Abyss twists violently, and a gateway leading out appears!
You feel a strong urge to attack something.
No target in view!
No target in view!
No target in view!
No target in view!
No target in view!
No target in view!
No target in view!
You are no longer berserk.
You are exhausted.
You feel yourself slow down.
You start resting.
An ancient zyme comes into view.
You feel yourself growing ill in the presence of the ancient zyme.
The ancient zyme moves out of view.
You start resting.
HP restored.
You start waiting.
A quasit comes into view.
You feel yourself growing ill in the presence of the ancient zyme.
The ancient zyme is attracted toward you.
The quasit is attracted toward you.
You feel less attractive to monsters.
The quasit gives a chilling moan.
The ancient zyme closely misses you. The ancient zyme hits you!
You scratch the ancient zyme.
The ancient zyme is lightly damaged.
The ancient zyme hits you!
* * * LOW HITPOINT WARNING * * *
The ancient zyme hits you.
* * * LOW HITPOINT WARNING * * *
The ancient zyme hits you!
You die...

# # . #. #
#.###.########..#
#.....5x@......#
#.###ยง###.#.##..#
# #...# #. #....
#. #...... .
#.##.#.# . #..
.#.# #. #.. .# #


You could see an ancient zyme and a quasit.

Vanquished Creatures
  An earth elemental (Abyss:1)
  A gnoll (D:1)
  An endoplasm (D:1)
  A hobgoblin (D:1)
  A quokka (D:1)
  2 kobolds (D:1)
7 creatures vanquished.

Notes
Turn   | Place    | Note
-------+----------+-------------------------------------------
     0 | D:1      | kevlar127 the Troll Berserker began the quest for the Orb.
     0 | D:1      | Reached XP level 1. HP: 22/22 MP: 0/0
   734 | D:1      | Reached XP level 2. HP: 29/29 MP: 1/1
   737 | D:1      | Cast into level 1 of the Abyss (kobold)
   874 | Abyss:1  | Noticed an earth elemental
   885 | Abyss:1  | Killed an earth elemental
   894 | Abyss:1  | Noticed an ancient zyme
   902 | Abyss:1  | Slain by an ancient zyme

Illustrated notes

Levels and vault maps discovered:
D:1:      nicolae_arrival_memento_mori, layout_loops_ring,
          kennysheep_minor_cross
Abyss:1:  base:
D:1

Action                   || total
-------------------------++-------
Melee: Unarmed           ||    24
Invok: Berserk           ||     2
  Use: Potion            ||     2
Armor: Animal skin       ||     7
Dodge: Dodged            ||     8

Table legend: (Time is in decaauts)
 A = Elapsed time spent in this place.
 B = Non-inter-level travel time spent in this place.
 C = Inter-level travel time spent in this place.
 D = Time resting spent in this place.
 E = Time spent auto-exploring this place.
 F = Levels seen in this place.
 G = Mean time per level.
                   A        B        C        D        E       F      G
               +--------+--------+--------+--------+--------+-----+--------+
         Total |    914 |    907 |      7 |    265 |    554 |   2 |  457.0 |
       Dungeon |    733 |    726 |      7 |    100 |    554 |   1 |  733.0 |
         Abyss |    180 |    180 |      0 |    165 |      0 |   1 |  180.0 |
               +--------+--------+--------+--------+--------+-----+--------+

Top non-repeatable levels by time:
     D:1: 733 daAuts
 Abyss:1: 180 daAuts
